 Dungeon Crawl Stone Soup version 0.30-a0-800-g7c544603b3 (webtiles) character file.

Game seed: 2018259115038591616

720 Hubris850 the Caller (level 7, -2/75 HPs)
             Began as a Grey Draconian Summoner on Feb 21, 2023.
             Slain by Menkaure (19 damage)
             ... on level 6 of the Dungeon.
             The game lasted 00:13:13 (3833 turns).

Hubris850 the Caller (Grey Draconian Summoner)      Turns: 3833, Time: 00:13:14

Health: -2/75      AC: 13    Str: 10    XL:     7   Next: 42%
Magic:  12/12      EV: 17    Int: 18    God:
Gold:   297        SH:  3    Dex: 11    Spells: 6/13 levels left

rFire   . . .      SeeInvis .    j - +2 dagger (elec)
rCold   . . .      Faith    .    k - +0 buckler
rNeg    . . .      Spirit   .    (body armour unavailable)
rPois   .          Reflect  .    (helmet restricted)
rElec   .          Harm     .    i - +0 cloak
rCorr   .          Rampage  .    (no gloves)
Will    .....                    o - +0 pair of boots Stlth
                                 (no amulet)
HPRegen 0.32/turn                q - +5 ring of evasion
MPRegen 0.13/turn                (no ring)

@: berserking, very quick
A: AC +11, amphibious, unfitting armour, cold-blooded
a: no special abilities


You were on level 6 of the Dungeon.
You visited 1 branch of the dungeon, and saw 6 of its levels.

You collected 297 gold pieces.

Inventory:

Hand Weapons
 f - a +0 dagger
 j - a +2 dagger of electrocution (weapon)
 m - a +0 scimitar of freezing
Armour
 i - a +0 cloak (worn)
 k - a +0 buckler (worn)
 o - a +0 pair of boots (worn)
 r - an orb of mayhem
Jewellery
 q - a +5 ring of evasion (left hand)
Wands
 y - a wand of iceblast (12)
Scrolls
 b - 2 scrolls of fear
 c - a scroll of brand weapon
 e - a scroll of poison
 g - a scroll of torment {unknown}
 h - 2 scrolls of magic mapping {unknown}
 l - a scroll of silence {unknown}
 n - 2 scrolls of teleportation {unknown}
 p - a scroll of fog {unknown}
 t - a scroll of amnesia {unknown}
 u - a scroll of blinking {unknown}
 v - a scroll of enchant weapon {unknown}
 x - 2 scrolls of vulnerability {unknown}
Potions
 a - 2 potions of magic
 s - a potion of attraction {unknown}


   Skills:
 + Level 2.2 Short Blades
 - Level 3.6 Dodging
 - Level 3.8 Stealth
 - Level 3.8 Spellcasting
 + Level 2.5 Hexes
 - Level 5.3 Summonings


You had 6 spell levels left.
You knew the following spells:

 Your Spells              Type           Power      Damage    Failure   Level
a - Summon Small Mammal   Summ           88%        N/A       2%          1
b - Call Canine Familiar  Summ           22%        N/A       7%          3
c - Summon Guardian Gole  Hex/Summ       17%        N/A       12%         3

Your spell library contained the following spells:

 Spells                   Type           Power      Damage    Failure   Level
 Call Imp                 Summ           22%        N/A       3%          2
 Freeze                   Ice            12%        1d3       21%         1
 Shock                    Conj/Air       12%        1d3       21%         1
 Frozen Ramparts          Ice            6%         1d1       52%         3
 Hailstorm                Conj/Ice       3%         3d3       52%         3
 Swiftness                Air            3%         N/A       52%         3
 Summon Lightning Spire   Summ/Air       13%        N/A       56%         4
 Airstrike                Air            1%         2d(1-17)  90%         4
 Animate Dead             Necr           3%         N/A       90%         4
 Conjure Ball Lightning   Conj/Air       1%         3x3d6     100%        6
 Haunt                    Necr/Summ      6%         N/A       100%        7
 Discord                  Hex            6%         N/A       100%        8
 Disjunction              Tloc           1%         N/A       100%        8
 Infestation              Necr           1%         N/A       100%        8


Dungeon Overview and Level Annotations

Branches:
Dungeon (5/15)
 Temple: D:4-7

Altars:
Makhleb
Okawaru
Wu Jian
Xom
Yredelemnul

Annotations:
D:6 Menkaure


Innate Abilities, Weirdness & Mutations

Your dull iron-grey scales are very hard. (AC +11)
You are amphibious.
You cannot fit into any form of body armour.
You are cold-blooded and may be slowed by cold attacks.


Message History

The helpless adder fails to defend itself.
You puncture the adder!
You kill the adder!
Menkaure, Prince of Dust comes into view.
Casting: Call Canine Familiar (dangerous; 7% risk of failure)
Confirm with . or Enter, or press ? or * to list all spells.
Menkaure gestures wildly while chanting.
Menkaure seems to speed up.
Your hound scratches its ear.
Your hound barely misses Menkaure.
Your hound barely misses Menkaure.
Menkaure barely misses your hound.
Your hound bites Menkaure but does no damage.
Menkaure calls on the powers of darkness!
Your hound convulses!
Your body is wracked with pain!
Your hound bites Menkaure.
Menkaure closely misses your hound.
Your hound barely misses Menkaure.
Menkaure calls on the powers of darkness!
Your hound convulses!
Your body is wracked with pain!
* * * LOW HITPOINT WARNING * * *
Your hound bites Menkaure.
Menkaure hits your hound!!
Your hound dies!
Your hound's corpse disappears in a puff of smoke!
Menkaure calls on the powers of darkness!
Your body is wracked with pain!
* * * LOW HITPOINT WARNING * * *
You are confused.
You feel invigorated.
Menkaure points at you and mumbles some strange words.
Pain shoots through your body!
* * * LOW HITPOINT WARNING * * *
You feel less invigorated.
You feel less confused.
Menkaure calls on the powers of darkness!
Your body is wracked with pain!
* * * LOW HITPOINT WARNING * * *
Okay, then.
A red film seems to cover your vision as you go berserk!
You feel yourself moving faster!
You feel mighty! Menkaure hits you!!
You die...

... ...... ... .)....##
.... #.....# .....
#.....## .....#
#......# ......###
#...... ........##
##.....
#....M.##########.....#
#.####@...†........##.#
#..#########..##.# #..#
##.##.# #.## ##...# #.#
#.##. ### #####


You could see Menkaure (fast).

Vanquished Creatures
  A black bear (D:4)
  A centaur (D:5)
  A necrophage (D:4)
  A howler monkey (D:4)
  An orc priest (D:4)
  A hound (D:4)
  An orc wizard (D:4)
  Natasha (D:3)
  2 gnolls (D:3)
  3 adders
  A worm (D:2)
  A dart slug (D:3)
  9 orcs
  4 ball pythons
  4 bats
  7 endoplasms
  2 giant cockroaches
  9 goblins
  4 hobgoblins
  2 jackals (D:2)
  5 quokkas
  7 kobolds
  4 rats
72 creatures vanquished.

Vanquished Creatures (collateral kills)
  A necrophage (D:6)
  A hound (D:3)
  Natasha (twice) (D:3)
  A gnoll (D:3)
  3 adders
  5 orcs
  2 bats (D:1)
  4 endoplasms
  2 giant cockroaches (D:1)
  3 goblins
  3 hobgoblins
  2 jackals (D:1)
  3 ball pythons
  A frilled lizard (D:1)
  A kobold (D:1)
  3 rats (D:1)
37 creatures vanquished.

Grand Total: 109 creatures vanquished

Notes
Turn   | Place    | Note
-------+----------+-------------------------------------------
     0 | D:1      | Hubris850 the Draconian Summoner began the quest for the
                  | Orb.
     0 | D:1      | Reached XP level 1. HP: 14/14 MP: 3/3
   179 | D:1      | Reached XP level 2. HP: 20/20 MP: 3/5
   809 | D:1      | Reached XP level 3. HP: 26/26 MP: 6/6
   986 | D:1      | Learned a level 3 spell: Call Canine Familiar
  1244 | D:2      | Found a faded altar of an unknown god.
  1347 | D:2      | Found a shimmering altar of Xom.
  1370 | D:2      | Reached XP level 4. HP: 31/33 MP: 4/7
  2122 | D:3      | Reached XP level 5. HP: 29/38 MP: 5/9
  2221 | D:3      | Noticed Natasha
  2239 | D:3      | Killed Natasha
  2424 | D:3      | Noticed Natasha
  2455 | D:3      | Killed Natasha
  2535 | D:3      | Noticed Natasha
  2541 | D:3      | Killed Natasha
  2542 | D:3      | Reached skill level 5 in Summonings
  2700 | D:3      | Learned a level 3 spell: Summon Guardian Golem
  2747 | D:3      | Reached XP level 6. HP: 45/45 MP: 9/11
  2919 | D:4      | Reached skill level 1 in Hexes
  2974 | D:4      | Your scales start taking on a dull iron-grey colour.
  2974 | D:4      | Reached XP level 7. HP: 48/50 MP: 12/12
  3146 | D:4      | Found an iron altar of Okawaru.
  3162 | D:4      | Reached skill level 1 in Short Blades
  3181 | D:4      | Found an ornate altar of the Wu Jian Council.
  3437 | D:4      | Found a burning altar of Makhleb.
  3470 | D:4      | Found a basalt altar of Yredelemnul.
  3588 | D:5      | Entered Level 5 of the Dungeon
  3651 | D:5      | You fall into a shaft and drop 1 floor!
  3818 | D:6      | Noticed Menkaure
  3833 | D:6      | Slain by Menkaure

Illustrated notes

Levels and vault maps discovered:
D:1:      wheals_arrival_shading, layout_loops_ring
D:2:      layout_basic, basic_ecumenical_altar, basic_altar
D:3:      layout_rooms, dreamdust_princess_corridor, minivault_5, uniq_natasha
D:4:      kennysheep_big_flooded_room, layout_loops_ring,
          mainiacjoe_overflow_24_doors, lemuel_round_altar,
          mainiacjoe_overflow_two_lobes
D:5:      layout_basic, old_standard_altar, minmay_misc_feat_columns
D:6:      layout_layer_cave, nicolae_uskayaw_murder_on_the_dancefloor,
          tso_oasis_becter, kennysheep_mini_moat,
          minmay_temple_entry_statues_fountains, kennysheep_doodads,
          uniq_menkaure, uniq_sigmund

Skill      XL: |  1  2  3  4  5  6  7 |
---------------+----------------------+-----
Dodging        | 2 3 |  3.6
Stealth        | 2 3 |  3.8
Spellcasting   | 3 |  3.8
Summonings     | 5 |  5.3
Hexes          | 1 2 |  2.5
Short Blades   | 2 |  2.2

Action                     |  1- 3 |  4- 6 |  7- 9 || total
---------------------------+-------+-------+-------++-------
  Melee: Unarmed           |    13 |       |       ||    13
         Tailslap          |     7 |    18 |     2 ||    27
         Dagger            |    89 |   145 |    19 ||   253
         Punch             |     1 |       |       ||     1
   Cast: Summon Small Mamm |    41 |    34 |       ||    75
         Call Canine Famil |       |     7 |     2 ||     9
    Use: Scroll            |       |       |     6 ||     6
         Potion            |       |       |     2 ||     2
   Stab: Sleeping          |     1 |     6 |     5 ||    12
         Distracted        |       |     1 |       ||     1
 Armour: Skin              |    52 |    52 |     6 ||   110
  Dodge: Dodged            |   111 |   120 |    21 ||   252
  Block: Buckler           |     2 |    21 |     6 ||    29

Table legend: (Time is in decaauts)
 A = Elapsed time spent in this place.
 B = Non-inter-level travel time spent in this place.
 C = Inter-level travel time spent in this place.
 D = Time resting spent in this place.
 E = Time spent auto-exploring this place.
 F = Levels seen in this place.
 G = Mean time per level.
                   A        B        C        D        E       F      G
               +--------+--------+--------+--------+--------+-----+--------+
         Total |   3845 |   3702 |    143 |     95 |   2552 |   6 |  640.8 |
       Dungeon |   3845 |   3702 |    143 |     95 |   2552 |   6 |  640.8 |
               +--------+--------+--------+--------+--------+-----+--------+

Top non-repeatable levels by time:
     D:1: 1038 daAuts
     D:3: 920 daAuts
     D:4: 830 daAuts
     D:2: 812 daAuts
     D:6: 181 daAuts
     D:5: 62 daAuts
